 Dungeon Crawl Stone Soup version 0.25.0-9-g26727b657a (webtiles) character file.

Game seed: 11223254936415139618

28 mopl the Insei (level 3, -1/20 HPs)
             Began as a Kobold Transmuter on June 18, 2020.
             Slain by an adder (3 damage)
             ... on level 2 of the Dungeon.
             The game lasted 00:01:37 (910 turns).

mopl the Insei (Kobold Transmuter)                   Turns: 910, Time: 00:01:38

Health: -1/20      AC:  2    Str:  8    XL:     3   Next: 27%
Magic:  2/6        EV: 20    Int: 14    God:
Gold:   54         SH:  0    Dex: 20    Spells: 1/7 levels left

rFire    . . .     SeeInvis .     - Unarmed
rCold    . . .     Gourm    .   (shield currently unavailable)
rNeg     + . .     Faith    .   (armour currently unavailable)
rPois    x         Spirit   .   (helmet currently unavailable)
rElec    .         Reflect  .   (cloak currently unavailable)
rCorr    .         Harm     .   (gloves currently unavailable)
MR       .....     Rnd*Tele +   (boots currently unavailable)
Stlth    ++........             (no amulet)
HPRegen  0.06/turn              e - ring of positive energy
MPRegen  0.10/turn              f - ring of teleportation (curse)

@: spider-form (expiring)
A: tiny, carnivore
a: End Transformation


You were on level 2 of the Dungeon.
You were very full.
You were a venomous arachnid creature.
You visited 1 branch of the dungeon, and saw 2 of its levels.

You collected 54 gold pieces.

Inventory:

Missiles
 a - 12 arrows
 h - 19 stones (quivered)
Armour
 b - a +0 robe (melded)
Jewellery
 e - a ring of positive energy (left front leg)
 f - a cursed ring of teleportation (right front leg)
Scrolls
 c - 2 scrolls of remove curse {unknown}
 g - a scroll of identify {unknown}
 i - a scroll of amnesia {unknown}
 m - a scroll of fog {unknown}
 n - a scroll of enchant weapon {unknown}
Potions
 k - a potion of ambrosia {unknown}
 l - a potion of heal wounds {unknown}
Comestibles
 d - 2 rations


   Skills:
 - Level 1.1 Fighting
 - Level 2.4 Dodging
 * Level 3.6 Unarmed Combat
 + Level 2.6 Spellcasting
 + Level 2.4 Transmutations
 + Level 0.1 Poison Magic


You had one spell level left.
You knew the following spells:

 Your Spells              Type           Power        Failure   Level  Hunger
a - Beastly Appendage     Tmut           #.....       22%         1    #......
b - Spider Form           Tmut/Pois      #.........   61%         3    ###....
w - Sticks to Snakes      Tmut           #.......     30%         2    ###....

Your spell library contained the following spells:

 Spells                   Type           Power        Failure   Level  Hunger
 Ice Form                 Ice/Tmut       #.......     92%         4    #####..
 Blade Hands              Tmut           #.........   98%         5    ######.


Dungeon Overview and Level Annotations

Branches:
Dungeon (2/15)

Altars:


Innate Abilities, Weirdness & Mutations

You are small and have problems with some larger weapons.
You are carnivorous and can eat meat at any time.


Message History

Casting: Beastly Appendage (safe; 9% risk of failure)
Confirm with . or Enter, or press ? or * to list all spells.
The spell is potentially lethal to cast (38% risk of failure)!
Continue anyway?
Your horns disappear.
You turn into a venomous arachnid creature.
Your +0 robe melds into your body.
The bat hits you.
* * * LOW HITPOINT WARNING * * *
The bat completely misses you.
Unknown command.
You hit the bat.
You kill the bat!
The bat completely misses you.
You hit the adder.
The adder is poisoned.
The adder is heavily wounded.
The adder completely misses you.
You hit the adder but do no damage.
The adder looks as sick as possible!
The adder is heavily wounded.
Your transformation is almost over.
The adder bites you.
You die...

#............#.........
#...[....# #K(...r.....
#.....J..###S#####.?...
#........##.## #...!
#........##.# ....
######KK.K.# ..
#br#+#.# #S## ### #s#
#.# #.. ##.. ###


You could see an adder (extremely poisoned), a bat, 2 kobolds and a rat.

Vanquished Creatures
  A dart slug (D:1)
  2 leopard geckos (D:1)
  2 ball pythons (D:1)
  A giant cockroach (D:1)
  2 goblins (D:1)
  3 jackals (D:1)
  6 bats
  2 kobolds (D:1)
  5 rats
24 creatures vanquished.

Notes
Turn   | Place    | Note
-------+----------+-------------------------------------------
     0 | D:1      | mopl the Kobold Transmuter began the quest for the Orb.
     0 | D:1      | Reached XP level 1. HP: 12/12 MP: 3/3
   151 | D:1      | Reached XP level 2. HP: 16/16 MP: 3/5
   155 | D:1      | Learned a level 2 spell: Sticks to Snakes
   419 | D:1      | Reached XP level 3. HP: 18/20 MP: 3/6
   519 | D:1      | Learned a level 3 spell: Spider Form
   910 | D:2      | Slain by an adder

Illustrated notes

Levels and vault maps discovered:
D:1:      nagdon_arrival_double_spiral, layout_basic
D:2:      layout_basic, zin_statuary, minmay_joined_circles,
          uniq_crazy_yiuf_cottage

Action                   || total
-------------------------++-------
Melee: Unarmed           ||    81
       Punch             ||     3
       Kick              ||     4
       Headbutt          ||     4
 Cast: Beastly Appendage ||    11
       Spider Form       ||     1
  Eat: Chunk             ||     8
Armor: Robe              ||    26
Dodge: Dodged            ||   140
